 Dungeon Crawl Stone Soup version 0.28.0-53-g5a82cb258f (webtiles) character file.

Game seed: 12559482919596549837

84 PhantomBowie the Skirmisher (level 4, -7/54 HPs)
             Began as a Demonspawn Berserker on May 28, 2022.
             Was a Believer of Trog.
             Mangled by a gnoll
             ... wielding a +0 halberd
              (11 damage)
             ... on level 2 of the Dungeon.
             The game lasted 00:04:23 (2153 turns).

PhantomBowie the Skirmisher (Demonspawn Berserker)  Turns: 2153, Time: 00:04:24

Health: -7/54      AC:  8    Str: 19    XL:     4   Next: 23%
Magic:  4/4        EV: 11    Int:  8    God:    Trog [**....]
Gold:   68         SH:  0    Dex: 15    Spells: 3/3 levels left

rFire   + . .      SeeInvis +   a - +0 mace
rCold   . . .      Faith    .   (no shield)
rNeg    . . .      Spirit   .   c - +0 ring mail {rF+}
rPois   .          Reflect  .   (helmet restricted)
rElec   .          Harm     .   (no cloak)
rCorr   .          Rampage  .   (no gloves)
Will    +....                   o - +2 pair of boots of Olaluef {Will+ Dex+2}
Stlth   ..........              (no amulet)
HPRegen 0.18/turn               k - ring of see invisible
MPRegen 0.09/turn               (no ring)

@: berserking, lethally poisoned (-7 -> -10), very quick
A: antennae 1, weakness stinger 2
a: Renounce Religion, Berserk, Trog's Hand


You were on level 2 of the Dungeon.
You worshipped Trog.
Trog was pleased with you.
You visited 1 branch of the dungeon, and saw 2 of its levels.

You collected 68 gold pieces.

Inventory:

Hand Weapons
 a - a +0 mace (weapon)
 h - a +2 hunting sling of flaming
Missiles
 d - 51 stones (quivered)
 g - 4 javelins
 m - 18 sling bullets
Armour
 b - a +0 animal skin
 c - a +0 ring mail of fire resistance (worn)
 o - the +2 pair of boots of Olaluef (worn) {Will+ Dex+2}
   (You found it on level 2 of the Dungeon)

   Dex:       It affects your dexterity (+2).
   Will:      It increases your willpower.
Jewellery
 k - a ring of see invisible (left hand)
Scrolls
 e - a scroll of amnesia {unknown}
 f - 2 scrolls of fog {unknown}
 i - a scroll of identify {unknown}
Potions
 j - a potion of brilliance {unknown}
 l - a potion of lignification {unknown}
 n - a potion of invisibility {unknown}


   Skills:
 + Level 3.6 Fighting
 + Level 3.2 Maces & Flails
 + Level 2.5 Armour
 + Level 2.5 Dodging


You had 3 spell levels left.
You didn't know any spells.
Your spell library was empty.

Dungeon Overview and Level Annotations

Branches:
Dungeon (2/15)

Altars:


Innate Abilities, Weirdness & Mutations

You have a pair of small antennae on your head.
You have a tail ending in a sharp stinger.


Message History

The adder bites you but does no damage.
You hit the adder.
Your tail-slap misses the adder.
The adder is moderately wounded.
The gnoll hits you but does no damage. The adder bites you.
A red film seems to cover your vision as you go berserk!
You feel yourself moving faster!
You feel mighty! The adder bites you.
You are poisoned.
The adder poisons you! The gnoll closely misses you. The adder bites you.
You are more poisoned.
The adder poisons you!
You thump the adder!
You kill the adder!
Trog accepts your kill.
You feel sick.
The gnoll hits you from afar with a +1 vorpal halberd.
You have reached level 4!
You feel agile.
Your demonic ancestry asserts itself...
Your tail grows a sharp stinger.
You feel sick. The gnoll hits you but does no damage.
You feel a strong urge to attack something.
You feel sick.
The gnoll hits you from afar with a +0 halberd.
The gnoll barely misses you.
You see here a +0 flail.
You thump the gnoll!
The gnoll is severely wounded.
The gnoll closely misses you.
The gnoll hits you with a +1 vorpal halberd!
* * * LOW HITPOINT WARNING * * *
x2 You hit the gnoll.
You kill the gnoll!
Trog accepts your kill.
You feel sick.
The gnoll hits you from afar with a +0 halberd.
* * * LOW HITPOINT WARNING * * *
You barely miss the gnoll. You tail-slap the gnoll!
The gnoll is heavily wounded.
You feel sick. The gnoll misses you.
The gnoll hits you from afar with a +0 halberd!
You die...

##.#...##
...†....## #. #
##.......##
##.#.
#.........#
##...#
+.........+
.....
#....†....#
...#
##.......## .g#
##.....######
#g#
##.........#
#@# #..######.#
#.# #..# #.#
#.#
#..######.###.#
#..##.........#
#.. #.###.#####
#.# #.# ..#


You could see 2 gnolls.

Vanquished Creatures
  2 gnolls (D:2)
  2 adders (D:2)
  A dart slug (D:2)
  A ball python (D:2)
  5 bats
  6 endoplasms
  A giant cockroach (D:1)
  2 goblins
  2 hobgoblins (D:1)
  6 jackals (D:1)
  5 kobolds
  3 quokkas
  2 frilled lizards
  2 rats (D:1)
40 creatures vanquished.

Notes
Turn   | Place    | Note
-------+----------+-------------------------------------------
     0 | D:1      | PhantomBowie the Demonspawn Berserker began the quest for
                  | the Orb.
     0 | D:1      | Reached XP level 1. HP: 18/18 MP: 1/1
   521 | D:1      | Discovered your monstrous ancestry.
   521 | D:1      | Gained mutation: You have a pair of small antennae on your
                  | head. [demonic ancestry]
   521 | D:1      | Reached XP level 2. HP: 19/24 MP: 2/2
  1599 | D:1      | Gained mutation: You have a small tail. [demonic ancestry]
  1599 | D:1      | Reached XP level 3. HP: 25/29 MP: 3/3
  1860 | D:2      | Reached ** piety under Trog
  2100 | D:2      | Identified the +2 pair of boots of Olaluef {Will+ Dex+2}
  2149 | D:2      | Gained mutation: You have a tail ending in a sharp stinger.
                  | [demonic ancestry]
  2149 | D:2      | Reached XP level 4. HP: 27/36 MP: 4/4
  2153 | D:2      | Mangled by a gnoll

Illustrated notes

Levels and vault maps discovered:
D:1:      minmay_arrival_wavy_path, layout_basic
D:2:      layout_loops_corners, minmay_between

Skill      XL: |  1  2 |
---------------+-------+-----
Armour         | 2 |  2.5
Dodging        | 2 |  2.5
Maces & Flails | 3 |  3.2
Fighting       | |  3.6

Action                   |  1- 3 |  4- 6 || total
-------------------------+-------+-------++-------
Melee: Mace              |   151 |     3 ||   154
       Tailslap          |     5 |     1 ||     6
Invok: Berserk           |     1 |       ||     1
Armor: Ring mail         |    71 |     1 ||    72
Dodge: Dodged            |    94 |     3 ||    97
